Workbook
Name GIA: Summary!$N$4

Sheet Summary
B2: INVESTMENT SUMMARY | P2: Hardcoded Inputs
B3: LOCATION | I3: PHYSICAL DESCRIPTION | P3: Formulas
B4: Property Name | G4: Unit 4 - Monkton Park | I4: Gross Internal Area (GIA) | N4: 8697 | P4: Cross-Sheet Links
B5: Address | G5: Unit 4, Monkton Park, Farnham Trading Estate | I5: Buildings | K5: 1 | L5: Floors | N5: 2
B6: Postcode | D6: GU9 9PA | E6: City, County | G6: Farnham, Surrey | I6: Year Built | K6: 1985-1988 | L6: Year Renovated | N6: 2026
B7: Country | G7: United Kingdom | I7: Parking Spaces | K7: 20 | L7: Parking Ratio | N7: ="1:"&ROUND((N4*0.092903)/K7,0)&"m² GIA" -> 1:40m² GIA
I8: Eaves Height | K8: 5.75 | L8: EPC Rating | N8: B
B9: INVESTMENT ASSUMPTIONS | I9: ASSUMED LEASE TERMS
B10: Analysis Start Date | G10: 46235 | I10: Tenant | K10: Unknown Occupier | L10: Lease Type | N10: FRI Lease
B11: Analysis Period End | G11: 7 | I11: Lease Length | K11: 10 | L11: UORR Frequency | N11: 5
B12: Reversion Year End | G12: =G11+1 -> 8 | I12: ERV (£ psf) | K12: 15.75 | L12: ERV (£ p.a.) | N12: =K12*GIA -> 136977.75
B13: Entry NIY | D13: =5.25%+1.25% -> 0.065 | E13: Exit Yield | G13: 0.07 | I13: LEASE-UP ASSUMPTIONS
B14: Market Rental Growth (%) | G14: 0.03 | I14: Void period | K14: 6 | L14: Rent-free period | N14: 6
B15: Acquisition fees | G15: 0.065 | I15: Leasing costs (% of ERV) | K15: 0.1 | L15: Mgmt. fee (% of ERV) | N15: 0.03
B16: Disposal costs | G16: 0.02 | I16: VOID COSTS ASSUMPTION
I17: UBR Multiplier | K17: 0.555 | L17: Rateable Value (2026) | N17: 118000
I18: Service Charge (p.a.) | K18: 9499 | L18: Service Charge (psf) | N18: =K18/GIA -> 1.0922157
B19: VALUATION SUMMARY | F19: Acquisition | G19: Reversion | I19: PROPERTY-LEVEL RISK AND RETURN METRICS
B20: Effective Gross Revenue | F20: ='Acquisition and Stabilisation'!G9 -> 136977.75 | G20: =Reversion!J9 -> 158794.75 | I20: UNLEVERED | L20: LEVERED
B21: Non-recoverable Operating Expenses | F21: ='Acquisition and Stabilisation'!G13 -> -4109.3325 | G21: =Reversion!J13 -> -4763.8426 | I21: IRR | K21: ='Property Returns'!F25 -> 0.058780492 | L21: IRR | N21: ='Property Returns'!F48 -> 0.057809797
B22: Net Operating Income | F22: =SUM(F20:F21) -> 132868.42 | G22: =SUM(G20:G21) -> 154030.91 | I22: EMx | K22: ='Property Returns'!F26 -> 1.4284361 | L22: EMx | N22: ='Property Returns'!F49 -> 1.4235442
B23: Net Initial Yield | F23: =D13 -> 0.065 | G23: =G13 -> 0.07 | I23: Avg. Yield-on-Cost | K23: =AVERAGE('Property Returns'!G16:M16) -> 0.054950988 | L23: Avg. Cash-on-Cash | N23: =AVERAGE('Property Returns'!G39:M39) -> 0.050040004
B24: Property Value | F24: ='Acquisition and Stabilisation'!G19 -> 1919370.4 | G24: =Reversion!J19 -> 2200441.6 | I24: Avg. Rate of Return | K24: =-'Property Returns'!$F$27/Summary!$G$11/SUM('Property Returns'!F7:M7) -> 0.062799475 | L24: Avg. Rate of Return | N24: =-'Property Returns'!$F$50/Summary!$G$11/SUM('Property Returns'!$F$33:$M$33) -> 0.063451149
I26: DEBT METRICS
I27: Min. DSCR | K27: =MIN('Debt Financing'!H10:N10) -> 1.9778571 | L27: Min. Debt Yield | N27: =MIN('Debt Financing'!$H$11:$N$11) -> -0.0021409794
I28: Avg. DSCR | K28: =AVERAGE('Debt Financing'!H10:N10) -> 2.0828643 | L28: Avg. Debt Yield | N28: =AVERAGE('Debt Financing'!$H$11:$N$11) -> 0.124666
B29: OPERATING CASH FLOW SUMMARY
C31: ='Property Returns'!G3 -> 1 | D31: ='Property Returns'!H3 -> 2 | E31: ='Property Returns'!I3 -> 3 | F31: ='Property Returns'!J3 -> 4 | G31: ='Property Returns'!K3 -> 5 | H31: ='Property Returns'!L3 -> 6 | I31: ='Property Returns'!M3 -> 7
C32: ='Property Returns'!G15 -> -53246.941 | D32: ='Property Returns'!H15 -> 132868.42 | E32: ='Property Returns'!I15 -> 132868.42 | F32: ='Property Returns'!J15 -> 132868.42 | G32: ='Property Returns'!K15 -> 132868.42 | H32: ='Property Returns'!L15 -> 154030.91 | I32: ='Property Returns'!M15 -> 154030.91

Sheet Comparables
B2: UNIT 4, MONKTON PARK FARNHAM
B3: Address | C3: Town | D3: Postcode | E3: SF | F3: VOA Rateable Value | G3: VOA Rent/SF
B4: Unit 4 Monkton Park, Farnham Trading Estate | C4: Farnham | D4: GU9 9PA | E4: =GIA -> 8697 | F4: =Summary!N17 -> 118000 | G4: =F4/E4 -> 13.567897
B7: Comparables at Advertised Rate
B8: Address | C8: Town | D8: Postcode | E8: SF | F8: VOA Rateable Value | G8: VOA Rent/SF | H8: Adv. Rent | I8: Adv. Rent / SF | J8: VOA to Adv. Rent Scaling | K8: Distance from prop. | L8: Notes
B9: Aspen, Greenhills Rural Enterprise Centre, Tilford Road | C9: Farnham | D9: GU10 2DZ | E9: 6437 | F9: 69500 | G9: =F9/$E9 -> 10.796955 | H9: 86950 | I9: =H9/$E9 -> 13.507845 | J9: =I9/G9 -> 1.2510791 | K9: 15m drive, 6.0 miles | L9: Smaller unit, 2m lower eaves height, non-prime area a 15m drive outside of Farnham, not renovated
B10: Unit 5 Brook Trading Estate, Deadbrook Lane | C10: Aldershot | D10: GU12 4XB | E10: 9090 | F10: 91500 | G10: =F10/$E10 -> 10.066007 | H10: 141000 | I10: =H10/$E10 -> 15.511551 | J10: =I10/G10 -> 1.5409836 | K10: 9m drive, 2.8 miles | L10: Newly refurbished (lower spec than Monkton), access to a larger 6,500 sq/ft yard which I wil need to adjust for
B11: Unit 4, Beacon Hill Logistics Park | C11: Fleet | D11: GU52 8DY | E11: 7839 | F11: 102000 | G11: =F11/$E11 -> 13.011864 | H11: 117585 | I11: =H11/$E11 -> 15 | J11: =I11/G11 -> 1.1527941 | K11: 11m drive, 5.1 miles | L11: A great comparable, great connections to roads like Monkton, newly refurbed to a high standard
B13: Normalised Comparables to Estimated Market Rent
B15: Address | C15: Town | D15: Postcode | E15: SF | F15: VOA Rateable Value | G15: VOA Rent/SF | H15: Neg. Assumption | I15: Yard SF | J15: Yard Rent/SF | K15: Yard Rent | L15: Normalised Mkt. Rent | M15: Mkt. Rent / SF | N15: VOA to Mkt. Rent Scaling
B16: Aspen, Greenhills Rural Enterprise Centre, Tilford Road | C16: Farnham | D16: GU10 2DZ | E16: 6437 | F16: 69500 | G16: =F16/$E16 -> 10.796955 | H16: 0.95 | L16: =H16*H9 -> 82602.5 | M16: =L16/E16 -> 12.832453 | N16: =M16/G16 -> 1.1885252
B17: Unit 5 Brook Trading Estate, Deadbrook Lane | C17: Aldershot | D17: GU12 4XB | E17: 9090 | F17: 91500 | G17: =F17/$E17 -> 10.066007 | H17: 0.95 | I17: 6500 | J17: 4 | K17: =J17*I17 -> 26000 | L17: =(H10-K17)*H17 -> 109250 | M17: =L17/E17 -> 12.018702 | N17: =M17/G17 -> 1.1939891
B18: Unit 4, Beacon Hill Logistics Park | C18: Fleet | D18: GU52 8DY | E18: 7839 | F18: 102000 | G18: =F18/$E18 -> 13.011864 | H18: 0.95 | L18: =H18*H11 -> 111705.75 | M18: =L18/E18 -> 14.25 | N18: =M18/G18 -> 1.0951544
L19: Average VOA Scaling | M19: = | N19: =AVERAGE(N16:N18) -> 1.1592229
B20: Address | C20: Town | D20: Postcode | E20: SF | F20: VOA Rateable Value | G20: VOA Rent/SF | H20: Avg. VOA Scaling | I20: Est. Mkt. Rent / SF | J20: Mkt. Rent
B21: =B4 -> Unit 4 Monkton Park, Farnham Trading Estate | C21: =C4 -> Farnham | D21: =D4 -> GU9 9PA | E21: =E4 -> 8697 | F21: =F4 -> 118000 | G21: =G4 -> 13.567897 | H21: =N19 -> 1.1592229 | I21: =G21*N19 -> 15.728217 | J21: =I21*E21 -> 136788.3

Sheet Acquisition and Stabilisation
B2: ACQUISITION PRO FORMA
B3: STABILISED INCOME | H3: Notes.
B4: REVENUE | F4: PSF | G4: Pro Forma
B5: Gross Rent (ERV) | F5: =G5/GIA -> 15.75 | G5: =Summary!N12 -> 136977.75
B6: Concessions | F6: =G6/GIA -> 0 | G6: 0 | H6: Adjusted for 6 month free rent period upon signing of tenant
B7: Total Rental Revenue | F7: =SUM(F5) -> 15.75 | G7: =G5-G6 -> 136977.75
B9: Total Effective Gross Revenue | F9: =F7 -> 15.75 | G9: =G7 -> 136977.75
B11: NON-RECOVERABLE OPERATING EXPENSES
B12: Property Management Fee | E12: =Summary!$N$15 -> 0.03 | F12: =G12/GIA -> 0.4725 | G12: =G9*Summary!$N$15 -> 4109.3325
B13: Total Operating Expenses | F13: =SUM(F12) -> 0.4725 | G13: =-SUM(G12) -> -4109.3325
B15: NET OPERATING INCOME | F15: =G15/GIA -> 15.2775 | G15: =G9+G13 -> 132868.42
B17: ACQUISITION COST
B18: Entry NIY | G18: =Summary!D13 -> 0.065
B19: Purchase Price | F19: =G19/GIA -> 220.69339 | G19: =G21/(1+Summary!G15) -> 1919370.4 | H19: Adjusted using the purchase cost assumption to arrive at a gross purchase price
B20: Purchase Costs | F20: =G20/GIA -> 14.34507 | G20: =G21-G19 -> 124759.08
B21: Total Acquisition Cost | F21: =SUM(F19:F20) -> 235.03846 | G21: 2044129.5
B23: STABILISATION COSTS
B24: VOID PERIOD COSTS | F24: p.a. | G24: Pro Forma
B25: Service Charge | F25: =Summary!K18 -> 9499 | G25: =-F25*(Summary!$K$14/12) -> -4749.5
B26: Empty Business Rates | F26: =Summary!K17*Summary!N17 -> 65490 | G26: =-F26*(Summary!$K$14/12) -> -32745
B27: Total Void Costs | F27: =SUM(F25:F26) -> 74989 | G27: =SUM(G25:G26) -> -37494.5
B29: LEASING COSTS | F29: PSF
B30: Leasing Costs | F30: =G30/GIA -> -1.575 | G30: =-Summary!K15*'Acquisition and Stabilisation'!G5 -> -13697.775
B31: Total Leasing Costs | F31: =SUM(F30) -> -1.575 | G31: =SUM(G30) -> -13697.775
B33: Total Stabilisation Costs | F33: =G33/GIA -> -5.8861993 | G33: =G27+G31 -> -51192.275

Sheet Operating Statement
B2: OPERATING STATEMENT
B3: OPERATING CASH FLOW
E4: Year | F4: 1 | G4: =F4+1 -> 2 | H4: =G4+1 -> 3 | I4: =H4+1 -> 4 | J4: =I4+1 -> 5 | K4: =J4+1 -> 6 | L4: =K4+1 -> 7 | M4: =L4+1 -> 8
E5: Month Ending | F5: =EOMONTH(Summary!G10,11) -> 46599 | G5: =EOMONTH(F5,12) -> 46965 | H5: =EOMONTH(G5,12) -> 47330 | I5: =EOMONTH(H5,12) -> 47695 | J5: =EOMONTH(I5,12) -> 48060 | K5: =EOMONTH(J5,12) -> 48426 | L5: =EOMONTH(K5,12) -> 48791 | M5: =EOMONTH(L5,12) -> 49156
B6: REVENUE
B7: Gross Rent | F7: ='Acquisition and Stabilisation'!G5 -> 136977.75 | G7: =IF((G4-1=Summary!$N$11),(F7*(1+MAX(Summary!$G$14,0))^('Operating Statement'!G4-1)),F7) -> 136977.75 | H7: =IF((H4-1=Summary!$N$11),(G7*(1+MAX(Summary!$G$14,0))^('Operating Statement'!H4-1)),G7) -> 136977.75 | I7: =IF((I4-1=Summary!$N$11),(H7*(1+MAX(Summary!$G$14,0))^('Operating Statement'!I4-1)),H7) -> 136977.75 | J7: =IF((J4-1=Summary!$N$11),(I7*(1+MAX(Summary!$G$14,0))^('Operating Statement'!J4-1)),I7) -> 136977.75 | K7: =IF((K4-1=Summary!$N$11),(J7*(1+MAX(Summary!$G$14,0))^('Operating Statement'!K4-1)),J7) -> 158794.75 | L7: =IF((L4-1=Summary!$N$11),(K7*(1+MAX(Summary!$G$14,0))^('Operating Statement'!L4-1)),K7) -> 158794.75 | M7: =IF((M4-1=Summary!$N$11),(L7*(1+MAX(Summary!$G$14,0))^('Operating Statement'!M4-1)),L7) -> 158794.75
B8: Concessions | F8: =-(MAX(0, MIN(Summary!$K$14+Summary!$N$14,F4*12)-MAX(Summary!$K$14,(F4-1)*12))/12)*F7 -> -68488.875 | G8: =-(MAX(0, MIN(Summary!$K$14+Summary!$N$14,G4*12) - MAX(Summary!$K$14,(G4-1)*12))/12)*G7 -> 0 | H8: =-(MAX(0, MIN(Summary!$K$14+Summary!$N$14,H4*12) - MAX(Summary!$K$14,(H4-1)*12))/12)*H7 -> 0 | I8: =-(MAX(0, MIN(Summary!$K$14+Summary!$N$14,I4*12) - MAX(Summary!$K$14,(I4-1)*12))/12)*I7 -> 0 | J8: =-(MAX(0, MIN(Summary!$K$14+Summary!$N$14,J4*12) - MAX(Summary!$K$14,(J4-1)*12))/12)*J7 -> 0 | K8: =-(MAX(0, MIN(Summary!$K$14+Summary!$N$14,K4*12) - MAX(Summary!$K$14,(K4-1)*12))/12)*K7 -> 0 | L8: =-(MAX(0, MIN(Summary!$K$14+Summary!$N$14,L4*12) - MAX(Summary!$K$14,(L4-1)*12))/12)*L7 -> 0 | M8: =-(MAX(0, MIN(Summary!$K$14+Summary!$N$14,M4*12) - MAX(Summary!$K$14,(M4-1)*12))/12)*M7 -> 0
B9: Void Adjustment | F9: =-(MAX(0, MIN(Summary!$K$14, F4*12) - (F4-1)*12) / 12) * F7 -> -68488.875 | G9: =-(MAX(0, MIN(Summary!$K$14, G4*12) - (G4-1)*12) / 12) * G7 -> 0 | H9: =-(MAX(0, MIN(Summary!$K$14, H4*12) - (H4-1)*12) / 12) * H7 -> 0 | I9: =-(MAX(0, MIN(Summary!$K$14, I4*12) - (I4-1)*12) / 12) * I7 -> 0 | J9: =-(MAX(0, MIN(Summary!$K$14, J4*12) - (J4-1)*12) / 12) * J7 -> 0 | K9: =-(MAX(0, MIN(Summary!$K$14, K4*12) - (K4-1)*12) / 12) * K7 -> 0 | L9: =-(MAX(0, MIN(Summary!$K$14, L4*12) - (L4-1)*12) / 12) * L7 -> 0 | M9: =-(MAX(0, MIN(Summary!$K$14, M4*12) - (M4-1)*12) / 12) * M7 -> 0
B10: Total Rental Revenue | F10: =SUM(F7:F9) -> 0 | G10: =SUM(G7:G9) -> 136977.75 | H10: =SUM(H7:H9) -> 136977.75 | I10: =SUM(I7:I9) -> 136977.75 | J10: =SUM(J7:J9) -> 136977.75 | K10: =SUM(K7:K9) -> 158794.75 | L10: =SUM(L7:L9) -> 158794.75 | M10: =SUM(M7:M9) -> 158794.75
B12: Total Effective Gross Revenue | F12: =F10 -> 0 | G12: =G10 -> 136977.75 | H12: =H10 -> 136977.75 | I12: =I10 -> 136977.75 | J12: =J10 -> 136977.75 | K12: =K10 -> 158794.75 | L12: =L10 -> 158794.75 | M12: =M10 -> 158794.75
B14: NON-RECOVERABLE OpEx
B15: Property Management Fee | E15: =Summary!$N$15 -> 0.03 | F15: =-(12-MAX(0, MIN(Summary!$K$14, F4*12)-(F4-1)*12))/12*$E$15*F7 -> -2054.6662 | G15: =-(12-MAX(0, MIN(Summary!$K$14, G4*12)-(G4-1)*12))/12*$E$15*G7 -> -4109.3325 | H15: =-(12-MAX(0, MIN(Summary!$K$14, H4*12)-(H4-1)*12))/12*$E$15*H7 -> -4109.3325 | I15: =-(12-MAX(0, MIN(Summary!$K$14, I4*12)-(I4-1)*12))/12*$E$15*I7 -> -4109.3325 | J15: =-(12-MAX(0, MIN(Summary!$K$14, J4*12)-(J4-1)*12))/12*$E$15*J7 -> -4109.3325 | K15: =-(12-MAX(0, MIN(Summary!$K$14, K4*12)-(K4-1)*12))/12*$E$15*K7 -> -4763.8426 | L15: =-(12-MAX(0, MIN(Summary!$K$14, L4*12)-(L4-1)*12))/12*$E$15*L7 -> -4763.8426 | M15: =-(12-MAX(0, MIN(Summary!$K$14, M4*12)-(M4-1)*12))/12*$E$15*M7 -> -4763.8426
B16: Total Operating Expenses | F16: =SUM(F15) -> -2054.6662 | G16: =SUM(G15) -> -4109.3325 | H16: =SUM(H15) -> -4109.3325 | I16: =SUM(I15) -> -4109.3325 | J16: =SUM(J15) -> -4109.3325 | K16: =SUM(K15) -> -4763.8426 | L16: =SUM(L15) -> -4763.8426 | M16: =SUM(M15) -> -4763.8426
B18: NET OPERATING INCOME | F18: =F12+F16 -> -2054.6662 | G18: =G12+G16 -> 132868.42 | H18: =H12+H16 -> 132868.42 | I18: =I12+I16 -> 132868.42 | J18: =J12+J16 -> 132868.42 | K18: =K12+K16 -> 154030.91 | L18: =L12+L16 -> 154030.91 | M18: =M12+M16 -> 154030.91
B20: STABILISATION COSTS
B21: Void Period Costs
B22: Service Charge | F22: =-(MAX(0,MIN(Summary!$K$14,F4*12)-(F4-1)*12)/12)*Summary!$K$18 -> -4749.5 | G22: =-(MAX(0,MIN(Summary!$K$14,G4*12)-(G4-1)*12)/12)*Summary!$K$18 -> 0 | H22: =-(MAX(0,MIN(Summary!$K$14,H4*12)-(H4-1)*12)/12)*Summary!$K$18 -> 0 | I22: =-(MAX(0,MIN(Summary!$K$14,I4*12)-(I4-1)*12)/12)*Summary!$K$18 -> 0 | J22: =-(MAX(0,MIN(Summary!$K$14,J4*12)-(J4-1)*12)/12)*Summary!$K$18 -> 0 | K22: =-(MAX(0,MIN(Summary!$K$14,K4*12)-(K4-1)*12)/12)*Summary!$K$18 -> 0 | L22: =-(MAX(0,MIN(Summary!$K$14,L4*12)-(L4-1)*12)/12)*Summary!$K$18 -> 0 | M22: =-(MAX(0,MIN(Summary!$K$14,M4*12)-(M4-1)*12)/12)*Summary!$K$18 -> 0
B23: Empty Business Rates | F23: =-(MAX(0,MIN(Summary!$K$14,F4*12)-(F4-1)*12)/12)*(Summary!$K$17*Summary!$N$17) -> -32745 | G23: =-(MAX(0,MIN(Summary!$K$14,G4*12)-(G4-1)*12)/12)*(Summary!$K$17*Summary!$N$17) -> 0 | H23: =-(MAX(0,MIN(Summary!$K$14,H4*12)-(H4-1)*12)/12)*(Summary!$K$17*Summary!$N$17) -> 0 | I23: =-(MAX(0,MIN(Summary!$K$14,I4*12)-(I4-1)*12)/12)*(Summary!$K$17*Summary!$N$17) -> 0 | J23: =-(MAX(0,MIN(Summary!$K$14,J4*12)-(J4-1)*12)/12)*(Summary!$K$17*Summary!$N$17) -> 0 | K23: =-(MAX(0,MIN(Summary!$K$14,K4*12)-(K4-1)*12)/12)*(Summary!$K$17*Summary!$N$17) -> 0 | L23: =-(MAX(0,MIN(Summary!$K$14,L4*12)-(L4-1)*12)/12)*(Summary!$K$17*Summary!$N$17) -> 0 | M23: =-(MAX(0,MIN(Summary!$K$14,M4*12)-(M4-1)*12)/12)*(Summary!$K$17*Summary!$N$17) -> 0
B24: Leasing Costs
B25: Leasing Costs | F25: =-IF(AND(Summary!$K$14>(F4-1)*12,Summary!$K$14<='Operating Statement'!F4*12),F7*Summary!$K$15,0) -> -13697.775 | G25: =-IF(AND(Summary!$K$14>(G4-1)*12,Summary!$K$14<='Operating Statement'!G4*12),G7*Summary!$K$15,0) -> 0 | H25: =-IF(AND(Summary!$K$14>(H4-1)*12,Summary!$K$14<='Operating Statement'!H4*12),H7*Summary!$K$15,0) -> 0 | I25: =-IF(AND(Summary!$K$14>(I4-1)*12,Summary!$K$14<='Operating Statement'!I4*12),I7*Summary!$K$15,0) -> 0 | J25: =-IF(AND(Summary!$K$14>(J4-1)*12,Summary!$K$14<='Operating Statement'!J4*12),J7*Summary!$K$15,0) -> 0 | K25: =-IF(AND(Summary!$K$14>(K4-1)*12,Summary!$K$14<='Operating Statement'!K4*12),K7*Summary!$K$15,0) -> 0 | L25: =-IF(AND(Summary!$K$14>(L4-1)*12,Summary!$K$14<='Operating Statement'!L4*12),L7*Summary!$K$15,0) -> 0 | M25: =-IF(AND(Summary!$K$14>(M4-1)*12,Summary!$K$14<='Operating Statement'!M4*12),M7*Summary!$K$15,0) -> 0
B26: Total Stabilisation Costs | F26: =SUM(F22:F25) -> -51192.275 | G26: =SUM(G22:G25) -> 0 | H26: =SUM(H22:H25) -> 0 | I26: =SUM(I22:I25) -> 0 | J26: =SUM(J22:J25) -> 0 | K26: =SUM(K22:K25) -> 0 | L26: =SUM(L22:L25) -> 0 | M26: =SUM(M22:M25) -> 0
B28: Cash Flow from Operations | F28: =F18+F26 -> -53246.941 | G28: =G18+G26 -> 132868.42 | H28: =H18+H26 -> 132868.42 | I28: =I18+I26 -> 132868.42 | J28: =J18+J26 -> 132868.42 | K28: =K18+K26 -> 154030.91 | L28: =L18+L26 -> 154030.91
B30: Debt Service | F30: =-'Debt Financing'!H6 -> 0 | G30: =-'Debt Financing'!I6 -> -67177.965 | H30: =-'Debt Financing'!J6 -> -67177.965 | I30: =-'Debt Financing'!K6 -> -67177.965 | J30: =-'Debt Financing'!L6 -> -67177.965 | K30: =-'Debt Financing'!M6 -> -67177.965 | L30: =-'Debt Financing'!N6 -> -67177.965
B32: Cash Flow after Financing | F32: =F28+F30 -> -53246.941 | G32: =G28+G30 -> 65690.453 | H32: =H28+H30 -> 65690.453 | I32: =I28+I30 -> 65690.453 | J32: =J28+J30 -> 65690.453 | K32: =K28+K30 -> 86852.947 | L32: =L28+L30 -> 86852.947

Sheet Debt Financing
B2: PERMANENT DEBT
B3: LOAN ASSUMPTIONS
B4: Loan Amount | D4: 0.5 | E4: =D4*'Acquisition and Stabilisation'!G19 -> 959685.21 | G4: Year | H4: 1 | I4: =H4+1 -> 2 | J4: =I4+1 -> 3 | K4: =J4+1 -> 4 | L4: =K4+1 -> 5 | M4: =L4+1 -> 6 | N4: =M4+1 -> 7
B5: Loan Fees | D5: 0.01 | E5: =-D5*E4 -> -9596.8521 | G5: Month Ending | H5: =EOMONTH(Summary!G10,11) -> 46599 | I5: =EOMONTH(H5,12) -> 46965 | J5: =EOMONTH(I5,12) -> 47330 | K5: =EOMONTH(J5,12) -> 47695 | L5: =EOMONTH(K5,12) -> 48060 | M5: =EOMONTH(L5,12) -> 48426 | N5: =EOMONTH(M5,12) -> 48791
B6: Loan Proceeds | E6: =SUM(E4:E5) -> 950088.36 | G6: Debt Service | H6: =IF(H4<=$E$12,0,$E$11) -> 0 | I6: =IF(I4<=$E$12,0,$E$11) -> 67177.965 | J6: =IF(J4<=$E$12,0,$E$11) -> 67177.965 | K6: =IF(K4<=$E$12,0,$E$11) -> 67177.965 | L6: =IF(L4<=$E$12,0,$E$11) -> 67177.965 | M6: =IF(M4<=$E$12,0,$E$11) -> 67177.965 | N6: =IF(N4<=$E$12,0,$E$11) -> 67177.965
G7: Loan Payoff | H7: =$E$4 -> 959685.21 | I7: =$E$4 -> 959685.21 | J7: =$E$4 -> 959685.21 | K7: =$E$4 -> 959685.21 | L7: =$E$4 -> 959685.21 | M7: =$E$4 -> 959685.21 | N7: =$E$4 -> 959685.21
B8: Loan Term | E8: =Summary!G11 -> 7
B9: Interest Rate | E9: 0.07 | G9: NOI | H9: ='Operating Statement'!F18 -> -2054.6662 | I9: ='Operating Statement'!G18 -> 132868.42 | J9: ='Operating Statement'!H18 -> 132868.42 | K9: ='Operating Statement'!I18 -> 132868.42 | L9: ='Operating Statement'!J18 -> 132868.42 | M9: ='Operating Statement'!K18 -> 154030.91 | N9: ='Operating Statement'!L18 -> 154030.91
B10: Amortisation Type | E10: Non-amortising | G10: DSCR | H10: =IF(H6=0,"na",H9/H6) -> na | I10: =IF(I6=0,"na",I9/I6) -> 1.9778571 | J10: =IF(J6=0,"na",J9/J6) -> 1.9778571 | K10: =IF(K6=0,"na",K9/K6) -> 1.9778571 | L10: =IF(L6=0,"na",L9/L6) -> 1.9778571 | M10: =IF(M6=0,"na",M9/M6) -> 2.2928785 | N10: =IF(N6=0,"na",N9/N6) -> 2.2928785
B11: Interest Payment (p.a.) | E11: =E9*E4 -> 67177.965 | G11: Debt Yield | H11: =H9/$E$4 -> -0.0021409794 | I11: =I9/$E$4 -> 0.13845 | J11: =J9/$E$4 -> 0.13845 | K11: =K9/$E$4 -> 0.13845 | L11: =L9/$E$4 -> 0.13845 | M11: =M9/$E$4 -> 0.1605015 | N11: =N9/$E$4 -> 0.1605015
B12: Interest Holiday Period | E12: 1

Sheet Reversion
B2: REVERSION ASSUMPTIONS
B3: REVERSION PRO FORMA | G3: Projected | J3: Reversion | M3: Year Ending = | N3: ='Operating Statement'!M5 -> 49156
B4: REVENUE | G4: Year 8 | I4: PSF | J4: Pro Forma
B5: Gross Rent | G5: ='Operating Statement'!M7 -> 158794.75 | I5: =J5/GIA -> 18.258567 | J5: =G5 -> 158794.75
B6: Concessions | G6: ='Operating Statement'!M8 -> 0 | I6: =J6/GIA -> 0 | J6: =G6 -> 0
B7: Total Rental Revenue | G7: =SUM(G5:G6) -> 158794.75 | I7: =SUM(I5:I6) -> 18.258567 | J7: =SUM(J5:J6) -> 158794.75
B9: Total Effective Gross Revenue | G9: =G7 -> 158794.75 | I9: =J9/GIA -> 18.258567 | J9: =J7 -> 158794.75
B11: NON-RECOVERABLE OPERATING EXPENSES
B12: Property Management Fee | G12: ='Operating Statement'!M15 -> -4763.8426 | I12: =J12/GIA -> -0.547757 | J12: =G12 -> -4763.8426
B13: Total Operating Expenses | G13: =SUM(G12) -> -4763.8426 | I13: =SUM(I12) -> -0.547757 | J13: =SUM(J12) -> -4763.8426
B15: NET OPERATING INCOME | G15: =G9+G13 -> 154030.91 | I15: =J15/GIA -> 17.71081 | J15: =J9+J13 -> 154030.91
B17: ACQUISITION COST
B18: Exit Yield | J18: =Summary!G13 -> 0.07
B19: Reversion Value | I19: =J19/GIA -> 253.01157 | J19: =J15/J18 -> 2200441.6
B20: Disposal Costs | I20: =J20/GIA -> -5.0602313 | J20: =J19*-Summary!$G$16 -> -44008.832
B21: Net from Reversion | I21: =J21/GIA -> 247.95134 | J21: =SUM(J19:J20) -> 2156432.8

Sheet Property Returns
B2: PROPERTY-LEVEL RETURNS
B3: UNLEVERED RETURNS | F3: 0 | G3: =F3+1 -> 1 | H3: =G3+1 -> 2 | I3: =H3+1 -> 3 | J3: =I3+1 -> 4 | K3: =J3+1 -> 5 | L3: =K3+1 -> 6 | M3: =L3+1 -> 7
B4: INVESTMENT CASH FLOWS
B5: Purchase Price | F5: =($F$3=0)*-'Acquisition and Stabilisation'!G19 -> -1919370.4
B6: Purchase Costs | F6: =($F$3=0)*-'Acquisition and Stabilisation'!G20 -> -124759.08
B7: Total Acquisition Cost | F7: =SUM(F5:F6) -> -2044129.5
B9: OPERATING CASH FLOWS
B10: Effective Gross Revenue | G10: ='Operating Statement'!F12 -> 0 | H10: ='Operating Statement'!G12 -> 136977.75 | I10: ='Operating Statement'!H12 -> 136977.75 | J10: ='Operating Statement'!I12 -> 136977.75 | K10: ='Operating Statement'!J12 -> 136977.75 | L10: ='Operating Statement'!K12 -> 158794.75 | M10: ='Operating Statement'!L12 -> 158794.75
B11: Operating Expenses | G11: ='Operating Statement'!F16 -> -2054.6662 | H11: ='Operating Statement'!G16 -> -4109.3325 | I11: ='Operating Statement'!H16 -> -4109.3325 | J11: ='Operating Statement'!I16 -> -4109.3325 | K11: ='Operating Statement'!J16 -> -4109.3325 | L11: ='Operating Statement'!K16 -> -4763.8426 | M11: ='Operating Statement'!L16 -> -4763.8426
B12: Stabilisation Costs | G12: ='Operating Statement'!F26 -> -51192.275 | H12: ='Operating Statement'!G26 -> 0 | I12: ='Operating Statement'!H26 -> 0 | J12: ='Operating Statement'!I26 -> 0 | K12: ='Operating Statement'!J26 -> 0 | L12: ='Operating Statement'!K26 -> 0 | M12: ='Operating Statement'!L26 -> 0
B13: Net Operating Income | G13: =SUM(G10:G12) -> -53246.941 | H13: =SUM(H10:H12) -> 132868.42 | I13: =SUM(I10:I12) -> 132868.42 | J13: =SUM(J10:J12) -> 132868.42 | K13: =SUM(K10:K12) -> 132868.42 | L13: =SUM(L10:L12) -> 154030.91 | M13: =SUM(M10:M12) -> 154030.91
B15: Cash from Operations | G15: =G13 -> -53246.941 | H15: =H13 -> 132868.42 | I15: =I13 -> 132868.42 | J15: =J13 -> 132868.42 | K15: =K13 -> 132868.42 | L15: =L13 -> 154030.91 | M15: =M13 -> 154030.91
F16: Yield-on-Cost | G16: =-G15/(SUM($F$7:G7)) -> -0.026048712 | H16: =-H15/(SUM($F$7:H7)) -> 0.065 | I16: =-I15/(SUM($F$7:I7)) -> 0.065 | J16: =-J15/(SUM($F$7:J7)) -> 0.065 | K16: =-K15/(SUM($F$7:K7)) -> 0.065 | L16: =-L15/(SUM($F$7:L7)) -> 0.075352815 | M16: =-M15/(SUM($F$7:M7)) -> 0.075352815
B18: REVERSION CASH FLOWS
B19: Reversion Value | M19: =(M$3=Summary!$G$11)*Reversion!J19 -> 2200441.6
B20: Selling Costs | M20: =(M$3=Summary!$G$11)*Reversion!J20 -> -44008.832
B21: Net from Reversion | M21: =SUM(M19:M20) -> 2156432.8
B23: UNLEVERED NET CASH FLOW | F23: =F7+F15+F21 -> -2044129.5 | G23: =G7+G15+G21 -> -53246.941 | H23: =H7+H15+H21 -> 132868.42 | I23: =I7+I15+I21 -> 132868.42 | J23: =J7+J15+J21 -> 132868.42 | K23: =K7+K15+K21 -> 132868.42 | L23: =L7+L15+L21 -> 154030.91 | M23: =M7+M15+M21 -> 2310463.7
B25: Unlevered IRR | F25: =IRR(F23:M23) -> 0.058780492
B26: Unlevered EMx | F26: =SUMIF($F$23:$M$23,">0")/-SUMIF($F$23:$M$23,"<0") -> 1.4284361
B27: Net Profit | F27: =SUM(F23:M23) -> 898591.82
B29: LEVERED RETURNS | F29: 0 | G29: =F29+1 -> 1 | H29: =G29+1 -> 2 | I29: =H29+1 -> 3 | J29: =I29+1 -> 4 | K29: =J29+1 -> 5 | L29: =K29+1 -> 6 | M29: =L29+1 -> 7
B30: INVESTMENT CASH FLOWS
B31: Total Acquisition Cost | F31: =F7 -> -2044129.5
B32: Loan Proceeds | F32: =(F$3=0)*'Debt Financing'!E6 -> 950088.36
B33: Equity Required | F33: =SUM(F31:F32) -> -1094041.1
B35: OPERATING CASH FLOWS
B36: Cash from Operations | G36: =G15 -> -53246.941 | H36: =H15 -> 132868.42 | I36: =I15 -> 132868.42 | J36: =J15 -> 132868.42 | K36: =K15 -> 132868.42 | L36: =L15 -> 154030.91 | M36: =M15 -> 154030.91
B37: Debt Service | G37: ='Operating Statement'!F30 -> 0 | H37: ='Operating Statement'!G30 -> -67177.965 | I37: ='Operating Statement'!H30 -> -67177.965 | J37: ='Operating Statement'!I30 -> -67177.965 | K37: ='Operating Statement'!J30 -> -67177.965 | L37: ='Operating Statement'!K30 -> -67177.965 | M37: ='Operating Statement'!L30 -> -67177.965
B38: Cash Flow after Financing | G38: =SUM(G36:G37) -> -53246.941 | H38: =SUM(H36:H37) -> 65690.453 | I38: =SUM(I36:I37) -> 65690.453 | J38: =SUM(J36:J37) -> 65690.453 | K38: =SUM(K36:K37) -> 65690.453 | L38: =SUM(L36:L37) -> 86852.947 | M38: =SUM(M36:M37) -> 86852.947
F39: Cash-on-Cash Return | G39: =-G38/$F$33 -> -0.048669962 | H39: =-H38/$F$33 -> 0.06004386 | I39: =-I38/$F$33 -> 0.06004386 | J39: =-J38/$F$33 -> 0.06004386 | K39: =-K38/$F$33 -> 0.06004386 | L39: =-L38/$F$33 -> 0.079387277 | M39: =-M38/$F$33 -> 0.079387277
B41: REVERSION CASH FLOWS
B42: Net from Reversion | M42: =M21 -> 2156432.8
B43: Loan Payoff | M43: =-(M$3=Summary!$G$11)*'Debt Financing'!N7 -> -959685.21
B44: Net Proceeds from Reversion | M44: =SUM(M42:M43) -> 1196747.6
B46: LEVERED NET CASH FLOW | F46: =F33+F38+F44 -> -1094041.1 | G46: =G33+G38+G44 -> -53246.941 | H46: =H33+H38+H44 -> 65690.453 | I46: =I33+I38+I44 -> 65690.453 | J46: =J33+J38+J44 -> 65690.453 | K46: =K33+K38+K44 -> 65690.453 | L46: =L33+L38+L44 -> 86852.947 | M46: =M33+M38+M44 -> 1283600.5
B48: Levered IRR | F48: =IRR(F46:M46) -> 0.057809797
B49: Levered EMx | F49: =SUMIF($F$46:$M$46,">0")/-SUMIF($F$46:$M$46,"<0") -> 1.4235442
B50: Net Profit | F50: =SUM(F46:M46) -> 485927.18
